 Dungeon Crawl Stone Soup version 0.22-a0-284-g99d1f74 (webtiles) character file.

90 matakusis the Caller (level 4, -4/26 HPs)
             Began as a Deep Elf Summoner on Mar 22, 2018.
             Slain by an ogre
             ... wielding a +0 giant club
              (17 damage)
             ... on level 4 of the Dungeon.
             The game lasted 00:08:46 (2316 turns).

matakusis the Caller (Deep Elf Summoner)            Turns: 2316, Time: 00:08:47

Health: -4/26      AC:  2    Str:  5    XL:     4   Next: 32%
Magic:  0/12       EV: 13    Int: 21    God:
Gold:   138        SH:  0    Dex: 15    Spells: 0/11 levels left

rFire    . . .     SeeInvis .   l - +3 dagger (holy)
rCold    . . .     Gourm    .   (no shield)
rNeg     + . .     Faith    .   a - +0 robe
rPois    .         Spirit   .   (no helmet)
rElec    .         Reflect  .   (no cloak)
rCorr    .         Harm     .   (no gloves)
MR       .....                  (no boots)
Stlth    ++........             (no amulet)
HPRegen  0.08/turn              i - ring of positive energy
MPRegen  0.13/turn              (no ring)

@: very slightly contaminated
A: talons 1, robust 1, screaming 1
a: no special abilities


You were on level 4 of the Dungeon.
You were hungry.

You visited 1 branch of the dungeon, and saw 4 of its levels.

You collected 138 gold pieces.

Inventory:

Hand Weapons
 l - a +3 dagger of holy wrath (weapon)
Missiles
 h - 13 arrows
 j - 52 stones (quivered)
Armour
 a - a +0 robe (worn)
Jewellery
 i - a ring of positive energy (left hand)
Scrolls
 d - a scroll of magic mapping
 e - 2 scrolls of identify
 g - 2 scrolls of remove curse
 m - a scroll of fog
Potions
 b - 3 potions of lignification
 k - a potion of berserk rage
 n - 3 potions of curing
 o - a potion of heal wounds
Comestibles
 c - 5 rations
 f - 2 chunks of flesh


   Skills:
 - Level 2.4 Dodging
 - Level 2.4 Stealth
 + Level 4.3 Spellcasting
 * Level 5.8 Summonings


You couldn't memorise any spells.
You knew the following spells:

 Your Spells              Type           Power        Failure   Level  Hunger
a - Summon Small Mammal   Summ           ####         1%          1    None
b - Call Imp              Summ           ####....     1%          2    #......
c - Summon Ice Beast      Ice/Summ       ###.....     34%         4    ####...
d - Summon Lightning Spi  Summ/Air       ###.....     34%         4    ####...


Dungeon Overview and Level Annotations

Branches:
Dungeon (4/15)
 Temple: D:4-7

Altars:
Nemelex Xobeh
The Shining One


Innate Abilities, Weirdness & Mutations

You have sharp toenails.
You are robust. (+10% HP)
You occasionally shout uncontrollably at your foes.


Message History

Casting: Summon Lightning Spire (quite dangerous; 34% risk of failure)
Confirm with . or Enter, or press ? or * to list all spells.
A beastly little devil appears in a puff of frigid air.
The ogre hits your white imp with a giant club!
Your white imp dies!
You are feeling hungry.
Your magical contamination has completely faded away.
Casting: Call Imp (safe; 1% risk of failure)
Confirm with . or Enter, or press ? or * to list all spells.
Aiming: Summon Lightning Spire (quite dangerous; 34% risk of failure)
Press: ? - help, Dir - move target cursor, p - ogre You miscast Summon Lightning Spire.
You are very lightly contaminated with residual magic.
Distant voices call out to you!
Okay, then.
Okay, then.
Okay, then.
The ogre hits you with a giant club!
Ouch! That really hurt!
You die...

... #..# ..
#######.. ..
#...O.... ##.
#.#####.. 88
###.# ##. #8##
#...# #. +..#
###.### #.
#8###8.####...#
#.
#88888@O....###
#.
#####.#.##### .
#.#... #....##
#...## #.### ..
...


You could see an ogre.

Vanquished Creatures
  A rat (D:2)
1 creature vanquished.

Vanquished Creatures (collateral kills)
  A worker ant (D:4)
  Natasha (D:4)
  6 adders (D:2)
  An ooze (D:1)
  2 worms
  2 dart slugs
  3 leopard geckos (D:3)
  An orc (D:3)
  2 ball pythons
  A giant cockroach (D:1)
  6 goblins
  3 hobgoblins
  4 bats
  2 frilled lizards
  6 kobolds
41 creatures vanquished.

Grand Total: 42 creatures vanquished

Notes
Turn   | Place    | Note
-------+----------+-------------------------------------------
     0 | D:1      | matakusis the Deep Elf Summoner began the quest for the Orb.
     0 | D:1      | Reached XP level 1. HP: 10/10 MP: 6/6
   447 | D:1      | Reached XP level 2. HP: 15/15 MP: 4/8
   451 | D:1      | Learned a level 2 spell: Call Imp
   500 | D:1      | Gained mutation: You have sharp toenails. [potion of mutation]
   500 | D:1      | Gained mutation: You occasionally shout uncontrollably at your foes. [potion of mutation]
   500 | D:1      | Gained mutation: You are robust. (+10% HP) [potion of mutation]
   576 | D:2      | Reached skill level 5 in Summonings
   716 | D:2      | Reached XP level 3. HP: 11/20 MP: 1/9
  1221 | D:2      | Found a faded altar of an unknown god.
  1310 | D:2      | Found a sparkling altar of Nemelex Xobeh.
  2246 | D:4      | Noticed Natasha
  2252 | D:4      | Killed Natasha
  2252 | D:4      | Reached XP level 4. HP: 26/26 MP: 4/12
  2261 | D:4      | Learned a level 4 spell: Summon Ice Beast
  2266 | D:4      | Learned a level 4 spell: Summon Lightning Spire
  2275 | D:4      | Found a glowing golden altar of the Shining One.
  2277 | D:4      | Noticed an ogre
  2316 | D:4      | Slain by an ogre

Vault maps used:
D:1:      dpeg_arrival_rooms_c
D:2:      lemuel_doored_altar, chequers_ecumenical_altar_simple_redux,
          kennysheep_minor_cross
D:3:      first_ration
D:4:      kennysheep_six_static_rooms, cheibriados_altar_1, tso_oasis_becter,
          kennysheep_mini_moat, serial_shops, nicolae_shop_overgrown_old_shop,
          uniq_natasha, uniq_ijyb

Skill      XL: |  1  2  3 |
---------------+----------+-----
Summonings     | 5 |  5.8
Spellcasting   | 4 |  4.3
Dodging        | |  2.4
Stealth        | |  2.4

Action                   |  1- 3 |  4- 6 || total
-------------------------+-------+-------++-------
Melee: Dagger            |     5 |       ||     5
       Kick              |     1 |       ||     1
 Cast: Summon Small Mamm |    15 |       ||    15
       Call Imp          |    38 |     1 ||    39
       Summon Lightning  |       |     1 ||     1
  Use: Scroll            |     9 |       ||     9
       Potion            |     2 |       ||     2
 Stab: Sleeping          |     1 |       ||     1
  Eat: Chunk             |     5 |       ||     5
Armor: Robe              |     4 |       ||     4
Dodge: Dodged            |    17 |       ||    17

Table legend:
 A = Spawn XP
 B = Non-spawn XP
 C = Spawn XP percentage of total XP
 D = Spawn monster count
 E = Non-spawn monster count
 F = Spawn count percentage of total count
 G = Total turns spent on level
                    A         B        C        D         E        F      G
               +---------+---------+-------+---------+---------+-------+---------
         Total |       0 |     129 |   0.0 |       0 |      42 |   0.0 |  2316
               +---------+---------+-------+---------+---------+-------+---------
           D:1 |       0 |      12 |   0.0 |       0 |       9 |   0.0 |   515
           D:2 |       0 |      58 |   0.0 |       0 |      15 |   0.0 |  1007
           D:3 |       0 |      23 |   0.0 |       0 |      16 |   0.0 |   715
           D:4 |       0 |      36 |   0.0 |       0 |       2 |   0.0 |    79
               +---------+---------+-------+---------+---------+-------+---------
